Map: Thunderbird LE

Players

Vanya - Winner!

  • Race: Zerg Zerg
  • Spawn Location: 11:00

Wanderer

  • Race: Terran Terran
  • Spawn Location: 5:00

Event: 2019 WCS Summer

VOD

Have the link to the VOD?

Description

Time

  • Played on: July 12, 2019, 6:39 a.m.
  • Length: 4:07

All games in this series

Show
View Real Time Build Order
Export as new Build Order

Vanya Zerg - Winner!

Build Orders: Hatch First 

Get SALT Encoding   

  12  0:00  Drone  
  13  0:12  Overlord  
  13  0:16  Drone  
  14  0:30  Drone x2  
  16  0:48  Hatchery  
  15  0:51  Drone  
  15  0:54  Drone  
  17  0:57  Drone  
  18  1:08  Extractor  
  17  1:13  Spawning Pool  
  17  1:15  Drone  
  17  1:19  Drone  
  18  1:27  Drone  
  19  1:38  Drone  
  20  1:50  Drone  
  21  2:01  Zergling x2, Queen x2  
  21  2:02  Zergling x2  
  27  2:13  Hatchery  
  26  2:24  Spine Crawler  
  26  2:27  Spine Crawler  
  24  2:30  Zergling x4  
  27  2:37  Metabolic Boost  
  27  2:39  Overlord  
  25  2:55  Zergling x6  
  23  2:59  Zergling x4  
  25  3:11  Zergling x4  
  27  3:19  Zergling x4  
  29  3:28  Queen  
  29  3:33  Zergling x2  
  32  3:35  Zergling x2  
  32  3:38  Zergling x2  
  34  3:43  Zergling x2  
  35  3:49  Zergling x2  
Show
View Real Time Build Order
Export as new Build Order

Wanderer Terran 

Build Orders:  

Get SALT Encoding   

  12  0:00  SCV  
  13  0:13  SCV  
  14  0:17  Supply Depot  
  14  0:25  SCV  
  15  0:39  SCV  
  15  0:41  Barracks  
  16  0:52  SCV  
  17  0:59  Barracks  
  17  1:13  Barracks  
  17  1:15  SCV  
  18  1:26  Barracks  
  18  1:29  Marine  
  19  1:36  Supply Depot  
  19  1:46  Marine  
  19  1:47  SCV  
  21  1:49  Marine  
  22  2:01  Marine  
  23  2:04  Marine  
  23  2:07  Marine  
  25  2:13  Marine  
  26  2:18  Marine  
  26  2:21  Marine  
  28  2:24  Marine  
  29  2:31  Marine  
  29  2:36  Marine  
  31  2:48  Marine  
  31  2:50  Marine x2  
  31  2:54  Marine  
  24  3:06  Marine  
  24  3:07  Marine  
  24  3:08  Marine  
  24  3:12  Marine  
  28  3:22  Supply Depot  
  28  3:24  Marine  
  28  3:25  Marine  
  28  3:26  Marine  
  31  3:43  Marine x4  
Tags
 
Add a new tag
Caveats
  • Supply blocks, unpowered buildings, or Contaminate may cause inaccurate times.
  • Supply counts are checked every 10 seconds.